 Dungeon Crawl Stone Soup version 0.30-a0-830-gfe289a77b0 (webtiles) character file.

Game seed: 17600677619898966583

282 cforsyth the Sneak (level 6, 0/38 HPs)
             Began as a Kobold Brigand on Feb 28, 2023.
             Slain by a hobgoblin (2 damage)
             ... on level 4 of the Dungeon.
             The game lasted 00:04:49 (2888 turns).

cforsyth the Sneak (Kobold Brigand)                 Turns: 2888, Time: 00:04:49

Health: 0/38       AC:  3    Str:  9    XL:     6   Next: 53%
Magic:  6/6        EV: 16    Int: 12    God:
Gold:   131        SH:  0    Dex: 18    Spells: 5/5 levels left

rFire   . . .      SeeInvis .    a - +2 dagger
rCold   . . .      Faith    .    (no shield)
rNeg    . . .      Spirit   .    b - +0 robe
rPois   .          Reflect  .    (no helmet)
rElec   .          Harm     .    c - +0 cloak
rCorr   +          Rampage  .    (no gloves)
Will    +....                    (no boots)
Stlth   +++++                    (no amulet)
HPRegen 0.26/turn                n - ring of willpower
MPRegen 0.10/turn                r - ring of resist corrosion

@: no status effects
A: small, no large weapons, nightstalker 3
a: no special abilities


You were on level 4 of the Dungeon.
You visited 1 branch of the dungeon, and saw 4 of its levels.

You collected 131 gold pieces.

Inventory:

Hand Weapons
 a - a +2 dagger (weapon)
Missiles
 d - 9 poisoned darts (quivered)
 e - 3 curare-tipped darts
Armour
 b - a +0 robe (worn)
 c - a +0 cloak (worn)
Jewellery
 n - a ring of willpower (left hand)
 r - a ring of resist corrosion (right hand)
Wands
 u - a wand of flame (5)
 w - a wand of light (11)
Scrolls
 h - a scroll of noise {unknown}
 j - a scroll of amnesia {unknown}
 l - a scroll of blinking {unknown}
 m - a scroll of vulnerability {unknown}
 s - a scroll of poison {unknown}
 t - a scroll of identify {unknown}
 v - a scroll of brand weapon {unknown}
 x - a scroll of enchant armour {unknown}
 y - a scroll of summoning {unknown}
 z - a scroll of immolation {unknown}
Potions
 f - 2 potions of curing {unknown}
 g - 2 potions of mutation {unknown}
 i - 2 potions of degeneration {unknown}
 k - a potion of attraction {unknown}
 o - 2 potions of haste {unknown}
 p - a potion of flight {unknown}
 q - a potion of ambrosia {unknown}


   Skills:
 + Level 4.0 Fighting
 + Level 4.8 Short Blades
 - Level 2.1 Throwing
 + Level 3.7 Dodging
 + Level 6.8 Stealth


You had 5 spell levels left.
You didn't know any spells.
Your spell library contained the following spells:

 Spells                   Type           Power      Damage    Failure   Level
 Dazzling Flash           Conj/Hex       0%         N/A       69%         3
 Agony                    Necr           0%         N/A       100%        5
 Silence                  Hex/Air        0%         N/A       100%        5


Dungeon Overview and Level Annotations

Branches:
Dungeon (4/15)
 Temple: D:4-7

Altars:
Wu Jian

Shops:
D:2 *

Annotations:
D:4 Grinder


Innate Abilities, Weirdness & Mutations

You are small and have problems with some larger weapons.
You are completely attuned to the shadows.


Message History

You are too injured to fight recklessly!
You are too injured to fight recklessly!
You barely miss the phantom.
The phantom is severely damaged.
The phantom barely misses you.
You hit the phantom but do no damage.
The phantom is severely damaged.
You hit the phantom.
The phantom is almost destroyed.
The hobgoblin shouts!
You hear a shout!
The phantom hits you.
* * * LOW HITPOINT WARNING * * *
You hit the phantom but do no damage.
The phantom is almost destroyed.
The phantom hits you but does no damage.
You hit the phantom.
The phantom is almost destroyed.
The phantom hits you.
* * * LOW HITPOINT WARNING * * *
The phantom blinks!
You blink.
You closely miss the phantom.
The phantom is almost destroyed.
The phantom hits you.
* * * LOW HITPOINT WARNING * * *
The phantom blinks!
You blink.
The phantom hits you.
* * * LOW HITPOINT WARNING * * *
The phantom blinks!
You blink.
You hit the phantom.
The phantom is almost destroyed.
Unknown command.
There is an open door here.
The phantom attacks as you move away! The phantom misses you.
You hit the phantom.
You destroy the phantom!
Your Fighting skill increases to level 4!
You hit the hobgoblin.
The hobgoblin is heavily wounded.
The hobgoblin hits you.
You die...

.............
####.######## #######
#.# #.....# #.# #.....#
#.# #.....# #)# #.....#
#.#
###ยง....#####.########
..'.....'g@..........#
###.....#####.######.#
.........# #.# #.#
###......# #.# #.#
.......# #.# #.#
#.#####.# #.# .# #.#
#.# #.#


You could see a hobgoblin.

Vanquished Creatures
  A centaur (D:4)
  A phantom (D:4)
  A gnoll (D:3)
  6 adders
  2 dart slugs
  An orc (D:3)
  4 endoplasms
  A giant cockroach (D:1)
  5 goblins
  9 hobgoblins
  4 kobolds
  2 quokkas
  6 ball pythons
  5 bats
  3 frilled lizards
  10 rats
61 creatures vanquished.

Vanquished Creatures (others)
  A fungus (D:4)
1 creature vanquished.

Grand Total: 62 creatures vanquished

Notes
Turn   | Place    | Note
-------+----------+-------------------------------------------
     0 | D:1      | cforsyth the Kobold Brigand began the quest for the Orb.
     0 | D:1      | Reached XP level 1. HP: 12/12 MP: 1/1
   216 | D:1      | Reached XP level 2. HP: 18/18 MP: 2/2
   400 | D:1      | Reached XP level 3. HP: 22/22 MP: 3/3
   665 | D:2      | Found Negasoe's General Store.
  1032 | D:2      | Reached XP level 4. HP: 8/27 MP: 4/4
  1639 | D:3      | Reached skill level 6 in Stealth
  1831 | D:3      | Found an ornate altar of the Wu Jian Council.
  1939 | D:3      | Reached XP level 5. HP: 24/32 MP: 5/5
  2553 | D:4      | Noticed Grinder
  2762 | D:4      | Noticed a centaur
  2766 | D:4      | Killed a centaur
  2767 | D:4      | Reached XP level 6. HP: 38/38 MP: 6/6
  2882 | D:4      | HP: 1/38 [phantom (5)]
  2888 | D:4      | Slain by a hobgoblin

Illustrated notes

Levels and vault maps discovered:
D:1:      scummos_arrival_star, layout_loops_ring
D:2:      layout_loops_ring, serial_shops, shop
D:3:      layout_loops_ring, mainiacjoe_overflow_alcove_1
D:4:      layout_basic, lemuel_crystal_altar, uniq_crazy_yiuf_cottage,
          uniq_pikel, uniq_grinder

Skill      XL: |  1  2  3  4  5  6 |
---------------+-------------------+-----
Short Blades   | 3 4 |  4.8
Dodging        | 2 3 |  3.7
Fighting       | 3 4 |  4.0
Stealth        | 6 |  6.8
Throwing       | |  2.1

Action                     |  1- 3 |  4- 6 || total
---------------------------+-------+-------++-------
  Melee: Dagger            |    79 |   119 ||   198
         Punch             |     1 |     1 ||     2
   Stab: Sleeping          |    15 |    12 ||    27
         Distracted        |       |     1 ||     1
 Armour: Robe              |     4 |     8 ||    12
  Dodge: Dodged            |    42 |    52 ||    94

Table legend: (Time is in decaauts)
 A = Elapsed time spent in this place.
 B = Non-inter-level travel time spent in this place.
 C = Inter-level travel time spent in this place.
 D = Time resting spent in this place.
 E = Time spent auto-exploring this place.
 F = Levels seen in this place.
 G = Mean time per level.
                   A        B        C        D        E       F      G
               +--------+--------+--------+--------+--------+-----+--------+
         Total |   2850 |   2779 |     71 |    158 |   2129 |   4 |  712.5 |
       Dungeon |   2850 |   2779 |     71 |    158 |   2129 |   4 |  712.5 |
               +--------+--------+--------+--------+--------+-----+--------+

Top non-repeatable levels by time:
     D:3: 1081 daAuts
     D:2: 970 daAuts
     D:1: 647 daAuts
     D:4: 151 daAuts
